 Dungeon Crawl Stone Soup version 0.31-a0-188-g5e087ee2ca (webtiles) character file.

Game seed: 2816764338617373611

1374 qw the Skirmisher (level 8, -1/46 HPs)
             Began as a Deep Elf Hunter on June 23, 2023.
             Was an Initiate of Okawaru.
             Slain by a gnoll sergeant
             ... wielding a +5 spear of flaming
              (2 damage)
             ... on level 6 of the Dungeon.
             The game lasted 00:02:14 (4588 turns).

qw the Skirmisher (Deep Elf Hunter)                 Turns: 4588, Time: 00:02:15

Health: -1/46      AC:  8    Str: 10    XL:     8   Next: 39%
Magic:  10/10      EV: 17    Int: 15    God:    Okawaru [......]
Gold:   232        SH:  0    Dex: 18    Spells: 7/7 levels left

rFire   . . .        Y - +1 shortbow
rCold   . . .        (shield currently unavailable)
rNeg    . . .        d - +0 ring mail
rPois   .            c - +1 helmet
rElec   .            (no cloak)
rCorr   .            (no gloves)
SInv    .            f - +0 pair of boots
Will    .....        (no amulet)
Stlth   +            h - +5 ring of evasion
HPRegen 0.27/turn    (no ring)
MPRegen 0.12/turn

%: no passive effects
@: about to teleport
A: no striking features
a: Renounce Religion


You were on level 6 of the Dungeon.
You worshipped Okawaru.
Okawaru was noncommittal.
You visited 2 branches of the dungeon, and saw 7 of its levels.
You also visited: Sewer.

You collected 280 gold pieces.
You spent 48 gold pieces at shops.


   Skills:
 - Level 3.0 Fighting
 + Level 12.6 Ranged Weapons
 - Level 2.0 Armour
 - Level 4.5 Dodging
 - Level 1.2 Stealth


You had 7 spell levels left.
You didn't know any spells.
Your spell library was empty.

Inventory:

Hand Weapons
 Y - a +1 shortbow (weapon)
Armour
 c - a +1 helmet (worn)
 d - a +0 ring mail (worn)
 f - a +0 pair of boots (worn)
Jewellery
 h - a +5 ring of evasion (left hand)
Scrolls
 a - 5 scrolls of identify
 b - a scroll of noise {unknown}
Potions
 e - 2 potions of curing
 i - a potion of might

Dungeon Overview and Level Annotations

Branches:
Dungeon (6/15)             Temple (1/1) D:4           Sewer (visited)

Altars:
Ashenzari
Cheibriados
Elyvilon
Fedhas
Gozag
Hepliaklqana
Kikubaaqudgha
Nemelex Xobeh
Okawaru
Qazlal
Sif Muna
Uskayaw
Vehumet
Wu Jian
Xom
Zin
The Shining One

Shops:
D:2 (?


Message History

Enter note:
Enter note: You shoot an arrow.
The gnoll shouts!
The arrow hits the gnoll.
The gnoll is heavily wounded.
4578 ||| Stepping ~*~*~tactically~*~*~ (outnumbered).
4579 ||| Stepping ~*~*~tactically~*~*~ (outnumbered).
You shoot an arrow. The gnoll sergeant blocks the arrow.
You shoot an arrow.
The arrow hits the gnoll sergeant but does no damage.
The gnoll sergeant is heavily wounded.
The gnoll sergeant hits you from afar with a +5 spear of flaming!
The gnoll sergeant burns you.
You shoot an arrow.
The arrow closely misses the gnoll sergeant.
The gnoll sergeant hits you from afar with a +5 spear of flaming!
The gnoll sergeant burns you.
You shoot an arrow. The gnoll sergeant blocks the arrow.
The gnoll sergeant closely misses you.
You shoot an arrow. The arrow hits the gnoll sergeant!
The gnoll sergeant is severely wounded.
The gnoll misses you.
The gnoll sergeant hits you from afar with a +5 spear of flaming!
The gnoll sergeant burns you.
4585 ||| READING scroll of teleportation.
As you read the scroll of teleportation, it crumbles to dust.
You feel strangely unstable. The gnoll barely misses you.
The gnoll sergeant hits you but does no damage.
You shoot an arrow. The gnoll sergeant blocks the arrow.
You shoot an arrow. The arrow hits the gnoll sergeant.
The gnoll sergeant is almost dead.
The gnoll barely misses you. The gnoll sergeant closely misses you.
You shoot an arrow.
The arrow barely misses the gnoll sergeant.
The gnoll barely misses you.
The gnoll sergeant hits you from afar with a +5 spear of flaming!
The gnoll sergeant burns you.
You die...

.#....#....##.....##...
..##..####.#.........
.#>.......#...#.....
...........#...#.....
...................$.
..........).##.......
.....#...............
.....##.%..g.........
##..>#.)..g.@....##
.##.........###.....#
...........## ######
...........#
.#.....g..# ##.....g.#
###%....# ####....#
#.....<.#


You could see a gnoll sergeant and a gnoll.

Vanquished Creatures
  A water moccasin (D:6)
  Pargi (Sewer)
  2 ogres
  A phantom (D:5)
  2 bullfrogs
  3 scorpions
  2 howler monkeys
  3 hounds
  4 jellies
  2 iguanas
  A sleepcap (D:5)
  Jessica (D:3)
  An orc wizard (D:5)
  2 gnolls (D:6)
  8 adders
  A white imp (D:6)
  2 ufetubi (D:6)
  3 worms
  2 dart slugs
  7 orcs
  5 bats
  3 endoplasms
  4 giant cockroaches
  3 goblins
  9 hobgoblins
  3 jackals (D:1)
  5 kobolds
  7 quokkas
  2 training dummies (D:5)
  5 ball pythons
  7 frilled lizards
  8 rats
110 creatures vanquished.

Notes
Turn   | Place    | Note
-------+----------+-------------------------------------------
     0 | D:1      | qw the Deep Elf Hunter began the quest for the Orb.
     0 | D:1      | Reached XP level 1. HP: 12/12 MP: 3/3
     0 | D:1      | 0 ||| qw: Version: 0.3-a-9-g12657ce
     0 | D:1      | 0 ||| qw: Game counter: 4417
     0 | D:1      | 0 ||| qw: Always use a shield: true
     0 | D:1      | 0 ||| qw: God list: Okawaru
     0 | D:1      | 0 ||| qw: Allow faded altars: false
     0 | D:1      | 0 ||| qw: Do Orc after D:15 true
     0 | D:1      | 0 ||| qw: Do second Lair branch before Depths: true
     0 | D:1      | 0 ||| qw: Lair rune preference: random
     0 | D:1      | 0 ||| qw: Plans: Normal
     0 | D:1      | 0 ||| PLANNING D:1-11
   184 | D:1      | Reached XP level 2. HP: 9/16 MP: 4/4
   185 | D:1      | Reached skill level 6 in Ranged Weapons
   555 | D:1      | 555 ||| UPGRADING to +0 ring mail.
   565 | D:1      | 565 ||| DROPPING +0 leather armour.
   566 | D:1      | 566 ||| UPGRADING to +0 pair of boots.
   573 | D:1      | 573 ||| UPGRADING to +5 ring of evasion.
   574 | D:1      | 574 ||| READING scroll labelled VUVAQAROON.
   579 | D:1      | 579 ||| DRINKING 2 grey potions.
   580 | D:1      | 580 ||| DROPPING scroll of butterflies.
   581 | D:1      | 581 ||| DROPPING potion of degeneration.
   678 | D:2      | Reached XP level 3. HP: 17/20 MP: 5/5
   783 | D:2      | Found Ereusao's Magic Scroll Emporium.
   786 | D:2      | 786 ||| SHOPLISTING scroll of enchant armour (90 gold, have
                  | 49).
   786 | D:2      | 786 ||| BUYING scroll of identify (24 gold).
   786 | D:2      | Bought a scroll of identify for 24 gold pieces
   786 | D:2      | 786 ||| BUYING scroll of identify (24 gold).
   786 | D:2      | Bought a scroll of identify for 24 gold pieces
   843 | D:2      | Found Heonk's Antique Weapon Shoppe.
   855 | D:2      | 855 ||| SHOPLISTING twisted orcbow (221 gold, have 1).
   886 | D:2      | Reached skill level 7 in Ranged Weapons
   931 | D:2      | Found a faded altar of an unknown god.
   932 | D:2      | 932 ||| READING 2 scrolls labelled ILUKOW SUCZYPS.
  1139 | D:2      | 1139 ||| UPGRADING to +0 helmet.
  1144 | D:2      | 1144 ||| READING 2 scrolls of identify.
  1144 | D:2      | 1144 ||| IDENTIFYING blue potion
  1145 | D:2      | 1145 ||| DROPPING scroll of fear.
  1179 | D:2      | 1179 ||| Stepping randomly (stuck).
  1183 | D:2      | 1183 ||| Stepping randomly (stuck).
  1217 | D:3      | Noticed Jessica
  1224 | D:3      | Killed Jessica
  1225 | D:3      | Reached XP level 4. HP: 25/25 MP: 6/6
  1577 | D:3      | Noticed a bullfrog
  1584 | D:3      | Killed a bullfrog
  1585 | D:3      | Reached skill level 8 in Ranged Weapons
  1585 | D:3      | Reached XP level 5. HP: 29/29 MP: 7/7
  2075 | D:3      | 2075 ||| DROPPING ring of magical power.
  2076 | D:3      | 2076 ||| READING scroll labelled FUISORHESYL.
  2077 | D:3      | 2077 ||| READING 2 scrolls of identify.
  2077 | D:3      | 2077 ||| IDENTIFYING sedimented amethyst potion
  2078 | D:3      | 2078 ||| DROPPING potion of lignification.
  2146 | D:4      | 2146 ||| PLANNING SEWER
  2150 | D:4      | Reached skill level 9 in Ranged Weapons
  2237 | D:4      | Found a glowing drain.
  2241 | D:4      | 2241 ||| Stepping ~*~*~tactically~*~*~ (water).
  2243 | D:4      | 2243 ||| Stepping ~*~*~tactically~*~*~ (water).
  2252 | Sewer    | Entered a sewer
  2288 | Sewer    | Noticed Pargi
  2305 | Sewer    | Killed Pargi
  2306 | Sewer    | Reached XP level 6. HP: 26/35 MP: 8/8
  2384 | Sewer    | 2384 ||| Stepping ~*~*~tactically~*~*~ (water).
  2401 | Sewer    | 2401 ||| Stepping ~*~*~tactically~*~*~ (water).
  2403 | Sewer    | 2403 ||| Stepping ~*~*~tactically~*~*~ (water).
  2446 | Sewer    | 2446 ||| READING scroll labelled OVUCVY FELAREKE.
  2447 | Sewer    | 2447 ||| READING 2 scrolls labelled KIAM VIKEDUO.
  2448 | Sewer    | 2448 ||| READING scroll of enchant armour.
  2448 | Sewer    | 2448 ||| ENCHANTING +0 helmet.
  2449 | Sewer    | 2449 ||| READING scroll labelled SINNUDGH DOTHOU.
  2450 | Sewer    | 2450 ||| READING 2 scrolls of identify.
  2450 | Sewer    | 2450 ||| IDENTIFYING purple potion
  2470 | D:4      | 2470 ||| PLANNING D:1-11
  2757 | D:4      | Reached skill level 10 in Ranged Weapons
  2786 | D:4      | Reached XP level 7. HP: 40/40 MP: 9/9
  2788 | D:4      | Found a staircase to the Ecumenical Temple.
  2789 | D:4      | 2789 ||| PLANNING TEMPLE
  2789 | D:4      | 2789 ||| READING 2 scrolls of identify.
  2789 | D:4      | 2789 ||| IDENTIFYING inky potion
  2790 | D:4      | 2790 ||| DROPPING potion of invisibility.
  2796 | Temple   | Entered the Ecumenical Temple
  2910 | Temple   | 2910 ||| PLANNING D:1-11
  2950 | D:4      | Reached skill level 3 in Dodging
  3369 | D:4      | 3369 ||| READING scroll labelled JEERIR TOSETT.
  3386 | D:5      | Entered Level 5 of the Dungeon
  3396 | D:5      | 3396 ||| STAIRDANCE
  3444 | D:5      | Reached skill level 11 in Ranged Weapons
  3571 | D:5      | Identified the +7 trident of the Evil Eye {flame, Fragile
                  | rElec rCorr Dex+7}
  3629 | D:5      | Reached skill level 12 in Ranged Weapons
  3668 | D:5      | Reached XP level 8. HP: 27/45 MP: 10/10
  3860 | D:5      | 3860 ||| DRINKING 3 potions of curing.
  3860 | D:5      | 3860 ||| (to cure confusion)
  3867 | D:5      | Reached skill level 3 in Fighting
  4071 | D:5      | Found an iron altar of Okawaru.
  4072 | D:5      | 4072 ||| PLANNING OKAWARU WORSHIP
  4072 | D:5      | 4072 ||| DRINKING 2 fuming puce potions.
  4176 | D:5      | 4176 ||| DROPPING potion of berserk rage.
  4197 | D:5      | Became a worshipper of Warmaster Okawaru
  4198 | D:5      | 4198 ||| PLANNING D:1-11
  4238 | D:5      | Found a radiant altar of Vehumet.
  4370 | D:5      | 4370 ||| DRINKING 2 yellow potions.
  4442 | D:6      | HP: 10/46 [gnoll sergeant/+5 spear of flaming (5)]
  4443 | D:6      | 4443 ||| READING 2 scrolls of teleportation.
  4443 | D:6      | HP: 2/46 [gnoll sergeant/+5 spear of flaming (7)]
  4444 | D:6      | 4444 ||| DRINKING potion of heal wounds.
  4449 | D:6      | 4449 ||| FLEEEEING.
  4457 | D:6      | 4457 ||| STAIRDANCE
  4576 | D:6      | 4576 ||| Stepping ~*~*~tactically~*~*~ (outnumbered).
  4578 | D:6      | 4578 ||| Stepping ~*~*~tactically~*~*~ (outnumbered).
  4579 | D:6      | 4579 ||| Stepping ~*~*~tactically~*~*~ (outnumbered).
  4584 | D:6      | HP: 11/46 [gnoll sergeant/+5 spear of flaming (10)]
  4585 | D:6      | 4585 ||| READING scroll of teleportation.
  4588 | D:6      | HP: 1/46 [gnoll sergeant/+5 spear of flaming (10)]
  4588 | D:6      | Slain by a gnoll sergeant

Levels and vault maps discovered:
D:1:      shiori_arrival_oz, layout_rooms
D:2:      layout_basic, nicolae_ecumenical_oubliette, serial_shops,
          nicolae_lakefront_shop, nicolae_shop_rolled_up
D:3:      layout_basic, kennysheep_generic_room_13, uniq_jessica
D:4:      layout_loops_ring, minmay_temple_entry_tees, portal_sewer_entry_f,
          minmay_circle_x
D:5:      dreamdust_elfheim, layout_gridville,
          mainiacjoe_overflow_catch_the_wave
D:6:      layout_cave_pools, serial_gnoll_camp, gnoll_camp_medium_02,
          gnoll_camp_medium_01, grums_kennel, gnoll_camp_mini_hut, serial_shops,
          shop, uniq_crazy_yiuf_cottage
Temple:   nicolae_temple_superstar

Skill      XL: |  1  2  3  4  5  6  7  8 |
---------------+-------------------------+-----
Ranged Weapons | 6 7 8 9 10 12 | 12.6
Fighting       | 2 3 |  3.0
Armour         | 2 |  2.0
Dodging        | 3 4 |  4.5
Stealth        | |  1.2

Action                     |  1- 3 |  4- 6 |  7- 9 || total
---------------------------+-------+-------+-------++-------
   Fire: Shortbow          |   124 |   148 |   200 ||   472
    Use: Scroll            |     3 |     7 |     4 ||    14
         Potion            |     1 |       |     4 ||     5
 Armour: Leather armour    |     3 |       |       ||     3
         Ring mail         |    11 |    35 |    31 ||    77
  Dodge: Dodged            |    33 |   100 |   103 ||   236

Table legend:
 A = Non-vault XP
 B = Vault XP
 C = Vault XP percentage of total XP
 D = Non-vault monster count
 E = Vault monster count
 F = Vault count percentage of total count
                 A         B        C        D         E       F
            +---------+---------+-------+---------+---------+-------
      Total |    1583 |     380 |  19.4 |      86 |      24 |  21.8
            +---------+---------+-------+---------+---------+-------
        D:1 |      22 |       4 |  15.4 |      13 |       2 |  13.3
        D:2 |      50 |       0 |   0.0 |      18 |       0 |   0.0
        D:3 |     130 |      40 |  23.5 |      15 |       3 |  16.7
        D:4 |     311 |     184 |  37.2 |      13 |      10 |  43.5
        D:5 |     695 |       4 |   0.6 |      19 |       2 |   9.5
        D:6 |     375 |       0 |   0.0 |       8 |       0 |   0.0
      Sewer |       0 |     148 | 100.0 |       0 |       7 | 100.0
            +---------+---------+-------+---------+---------+-------
